AoeStats
← сербский

Arena

509268266Analyzed
4v4 RM · 7d ago on Sep 26, 2026· 50m 25s· 8 players
Game mode
Random Map
Map size
Large (8 player)
Population
200
Speed
Normal
Resources
Standard
Victory
Conquest
Starting age
Dark Age
Ending age
Imperial Age
RankedLock teamsTeams togetherTeam positionsShared explorationLock speedFull tech treeHidden civsTurbo modeCheats
Victory
Defeat
🇨🇦 Bengalis · Canada
1151
+9
🇨🇦 Bohemians · Canada
1081
+11
🇨🇦 Saxons · Canada
981
+15
🇨🇦 Spanish · Canada
866
+19
🇨🇱 Turks · Chile
982
-14
🇧🇷 Burgundians · Brazil
971
-14
🇬🇹 Persians · Guatemala
962
-13
🇵🇪 Varangians · Peru
952
-13
PsicoDelico
7:12 Horse Collar
7:25 Double-Bit Axe
9:24 Wheelbarrow
8:37 Loom
12:44 Feudal Age
14:13 Bow Saw
14:07 Heavy Plow
18:38 Castle Age
19:43 Hand Cart
20:24 Crop Rotation
20:58 Two-Man Saw
27:28 Cavalier
30:05 Burgundian Vineyards
30:36 Forging
30:31 Scale Barding Armor
33:48 Imperial Age
31:05 Town Watch
32:08 Husbandry
33:18 Iron Casting
34:34 Chain Barding Armor
34:05 Fletching
35:51 Caravan
37:07 Blast Furnace
36:43 Plate Barding Armor
35:33 Paladin
36:21 Gold Mining
36:23 Stone Mining
39:34 Bodkin Arrow
40:58 Gold Shaft Mining
39:51 Pikeman
40:32 Squires
40:17 Arson
41:58 Bracer
43:02 Chemistry
41:44 Treadmill Crane
42:15 Masonry
42:15 Fortified Wall
46:44 Halberdier
48:41 Scale Mail Armor
48:58 Murder Holes
49:35 Architecture
51:03 Chain Mail Armor
сербский
11:45 Feudal Age
15:54 Castle Age
13:58 Horse Collar
14:04 Double-Bit Axe
15:58 Stone Mining
18:33 Heavy Plow
25:26 Bow Saw
26:13 Gold Mining
27:14 Wheelbarrow
26:25 Town Watch
26:29 Loom
28:27 Gold Shaft Mining
29:14 Bloodlines
30:44 Hand Cart
34:12 Imperial Age
37:08 Two-Man Saw
36:57 Husbandry
37:12 Forging
37:07 Scale Barding Armor
Departure
6:05 Loom
10:49 Feudal Age
11:31 Double-Bit Axe
12:35 Wheelbarrow
16:13 Castle Age
14:39 Horse Collar
15:09 Stone Mining
17:08 Bow Saw
22:06 Gold Mining
23:26 Hand Cart
28:57 Imperial Age
26:17 Treadmill Crane
26:45 Husbandry
27:37 Stone Shaft Mining
28:53 Forging
28:44 Scale Mail Armor
29:36 Squires
29:22 Arson
30:17 Iron Casting
29:17 Gothikon
30:06 Heavy Plow
30:14 Elite Varangian Guard
32:01 Two-Man Saw
31:33 Caravan
33:16 Blast Furnace
32:32 Chain Mail Armor
32:23 Scale Barding Armor
32:42 Ballistics
34:03 Bloodlines
34:57 Crop Rotation
35:27 Plate Mail Armor
35:55 Plate Mail Armor
35:19 Fletching
35:32 Padded Archer Armor
36:34 Chemistry
35:30 Murder Holes
35:45 Fortified Wall
35:46 Masonry
36:55 Coinage
36:36 Guilds
37:10 Conscription
38:58 Leather Archer Armor
39:06 Chain Barding Armor
38:41 Bodkin Arrow
41:03 Plate Barding Armor
42:58 Vendel Legacy
aragorn
12:39 Feudal Age
13:03 Double-Bit Axe
13:01 Horse Collar
15:58 Loom
19:20 Castle Age
18:53 Scale Barding Armor
19:35 Forging
20:15 Bow Saw
21:40 Town Watch
23:15 Fletching
25:07 Heavy Plow
26:20 Wheelbarrow
28:02 Iron Casting
29:11 Hand Cart
29:49 Bloodlines
33:51 Imperial Age
31:27 Murder Holes
32:35 Kamandaran
32:53 Bodkin Arrow
33:58 Chain Barding Armor
34:04 Husbandry
35:47 Two-Man Saw
35:25 Crop Rotation
35:32 Caravan
36:39 Plate Barding Armor
37:46 Blast Furnace
36:53 Cavalier
38:18 Gold Mining
39:10 Padded Archer Armor
38:35 Crossbowman
40:11 Conscription
39:27 Savar
41:32 Ballistics
41:31 Leather Archer Armor
JJLoewen9289
9:58 Loom
10:04 Loom
11:50 Feudal Age
17:18 Castle Age
15:26 Double-Bit Axe
20:27 Horse Collar
26:20 Scale Barding Armor
26:27 Forging
30:39 Coinage
30:16 Caravan
32:06 Stone Mining
32:07 Gold Mining
33:11 Chain Barding Armor
32:53 Scale Mail Armor
33:29 Iron Casting
39:34 Imperial Age
40:41 Inquisition
42:12 Banking
46:50 Supremacy
47:36 Blast Furnace
46:52 Chain Mail Armor
47:13 Plate Barding Armor
BossJets
11:06 Feudal Age
15:25 Castle Age
15:49 Double-Bit Axe
15:46 Horse Collar
18:59 Heavy Plow
20:12 Bow Saw
22:41 Wheelbarrow
23:43 Chemistry
22:47 Padded Archer Armor
24:57 Ballistics
25:53 Squires
26:42 Leather Archer Armor
27:32 Pikeman
28:48 Arson
31:30 Forging
31:41 Scale Mail Armor
32:26 Hand Cart
35:19 Imperial Age
33:58 Fortified Wall
33:45 Murder Holes
34:40 Chain Mail Armor
36:00 Iron Casting
35:26 Halberdier
36:41 Ring Archer Armor
36:57 Conscription
37:12 Plate Mail Armor
39:45 Two-Man Saw
39:21 Caravan
47:04 Houfnice
ZEKAR8291
9:51 Feudal Age
13:38 Castle Age
12:22 Double-Bit Axe
16:14 Sanctity
16:09 Gold Mining
16:00 Horse Collar
18:58 Fervor
19:27 Redemption
20:47 Fervor
24:42 Wheelbarrow
26:25 Fletching
26:52 Bow Saw
27:01 Hand Cart
31:02 Imperial Age
29:01 Town Watch
29:20 Heavy Plow
29:57 Gold Shaft Mining
29:23 Town Watch
30:57 Scale Barding Armor
31:02 Forging
31:19 Loom
32:13 Chain Barding Armor
33:24 Two-Man Saw
33:05 Iron Casting
32:29 Elite Battle Elephant
33:10 Husbandry
33:20 Bloodlines
34:18 Plate Barding Armor
33:58 Bloodlines
34:42 Crop Rotation
35:56 Blast Furnace
35:02 Stone Mining
38:02 Fortified Wall
39:21 Caravan
41:53 Coinage
41:48 Conscription
41:50 Mahayana
43:07 Siege Engineers
43:36 Banking
44:35 Paiks
45:41 Town Patrol
Objayz23
1:36 Loom
12:00 Feudal Age
16:11 Castle Age
14:46 Forging
14:53 Double-Bit Axe
18:13 Bow Saw
23:06 Horse Collar
25:18 Wheelbarrow
24:52 Scale Mail Armor
24:19 Elite Skirmisher
27:09 Heavy Plow
28:08 Hand Cart
29:03 Iron Casting
28:56 Thumb Ring
29:18 Squires
29:04 Gambesons
29:44 Chain Mail Armor
29:21 Fletching
32:40 Imperial Age
30:19 Gold Mining
30:37 Arson
31:40 Town Watch
32:24 Bodkin Arrow
32:29 Padded Archer Armor
33:00 Elite Varangian Guard
34:35 Conscription
35:35 Chemistry
34:56 Ballistics
35:56 Gold Shaft Mining
35:13 Stone Mining
36:34 Crop Rotation
37:07 Two-Man Saw
37:04 Plate Mail Armor
39:42 Bracer
39:58 Leather Archer Armor
39:20 Crossbowman
39:54 Arbalester
Connection lost

Rejoining the realm…

Still unreachable

The connection could not be restored.

Session expired

The server has moved on; the page needs a fresh start.